 Dungeon Crawl Stone Soup version 0.25.0-46-gbd7b0854d2 (console) character file.

Game seed: 15363358875508330767

262 Colgate the Geomancer (level 6, 0/32 HPs)
             Began as a Gargoyle Earth Elementalist on July 16, 2020.
             Slain by a bullfrog (2 damage)
             ... in a sewer.
             The game lasted 00:44:19 (3342 turns).

Colgate the Geomancer (Gargoyle Earth Elementalist) Turns: 3342, Time: 00:44:20

Health: 0/32       AC:  9    Str: 12    XL:     6   Next: 18%
Magic:  8/9        EV: 12    Int: 17    God:
Gold:   77         SH:  0    Dex: 10    Spells: 8/9 levels left

rFire    . . .     SeeInvis .   p - +0 flail
rCold    . . .     Gourm    .   (no shield)
rNeg     + . .     Faith    .   c - +0 robe
rPois    ∞         Spirit   .   w - +0 helmet
rElec    +         Reflect  .   y - +0 cloak
rCorr    .         Harm     .   (no gloves)
MR       .....                  g - +0 pair of boots
Stlth    +.........             (no amulet)
HPRegen  0.10/turn              (no ring)
MPRegen  0.11/turn              (no ring)

@: very slow
A: negative energy resistance 1, electricity resistance, unbreathing,
petrification resistance, rot immunity, AC +4
a: no special abilities


You were in a sewer.
You were not hungry.

You visited 1 branch of the dungeon, and saw 3 of its levels.
You also visited: Sewer.

You collected 77 gold pieces.

Inventory:

Hand Weapons
 i - a +0 dagger
 p - a +0 flail (weapon)
 r - a +0 short sword
 s - a +0 hunting sling
 C - a +0 spear
Missiles
 a - 30 arrows
 b - 13 stones
 f - 3 poisoned darts (quivered)
 t - 17 sling bullets
Armour
 c - a +0 robe (worn)
 g - a +0 pair of boots (worn)
 h - a +0 chain mail
 l - a +0 leather armour
 w - a +0 helmet (worn)
 y - a +0 cloak (worn)
Wands
 A - a wand of iceblast (6)
Scrolls
 e - a scroll of teleportation
 o - a scroll of remove curse
 B - 3 scrolls of magic mapping {unknown}
 D - a scroll of fog
Potions
 j - a potion of berserk rage
 k - a potion of degeneration {unknown}
 n - a potion of stabbing {unknown}
 q - 3 potions of magic {unknown}
 u - a potion of brilliance {unknown}
 v - a potion of cancellation {unknown}
 x - a potion of heal wounds {unknown}
 z - 4 potions of curing
Comestibles
 d - 4 rations
 m - 2 chunks of flesh


   Skills:
 + Level 0.0 Fighting
 - Level 1.5 Dodging
 - Level 2.1 Stealth
 - Level 2.0 Spellcasting
   Level 0.7 Transmutations
 - Level 8.1 Earth Magic


You had 8 spell levels left.
You knew the following spells:

 Your Spells              Type           Power        Failure   Level  Hunger
a - Sandblast             Erth           ####..       1%          1    #......

Your spell library contained the following spells:

 Spells                   Type           Power        Failure   Level  Hunger
 Passwall                 Tmut/Erth      ###.....     4%          2    ###....
 Stone Arrow              Conj/Erth      ###...       11%         3    ###....
 Lee's Rapid Deconstruct  Erth           ####......   19%         5    ######.
 Petrify                  Tmut/Erth      ###.....     30%         4    #####..


Dungeon Overview and Level Annotations

Branches:
Dungeon (3/15)              Sewer (1/1)

Altars:


Innate Abilities, Weirdness & Mutations

You are resistant to torment.
Your stone body is resilient. (AC +4)
You are immune to poison.
You resist negative energy. (rN+)
You are resistant to electric shocks. (rElec)
You can survive without breathing.
You are immune to petrification.
You are immune to rotting.


Message History

* * * LOW HITPOINT WARNING * * *
The ball python constricts you. The bullfrog hits you.
* * * LOW HITPOINT WARNING * * *
The frilled lizard bites you but does no damage.
The ball python bites you.
* * * LOW HITPOINT WARNING * * *
x2 The ball python constricts you.
Unknown command.
Okay, then.
Casting: Sandblast (safe; 1% risk of failure)
Confirm with . or Enter, or press ? or * to list all spells.
Aiming: Sandblast (safe; 1% risk of failure)
Press: ? - help, Shift-Dir - straight line, f - ball python
Aim: a ball python (water, constricting you)
The blast of sand hits the ball python!
You kill the ball python!
b - 13 stones The bullfrog hits you but does no damage.
The bullfrog hits you.
You die...

#≈≈≈≈≈≈# #≈≈≈≈≈≈#
#≈≈≈≈≈≈# #≈≈≈≈≈≈#
#≈≈≈≈≈≈# #≈≈≈≈.≈#
##≈.≈.≈# #≈≈≈≈.≈#
#.≈.[.≈# #≈≈≈#≈≈#
#≈...≈## #≈≈≈≈≈≈#
#≈≈≈≈÷≈# #≈≈≈≈≈≈#
#≈≈≈÷≈≈# #≈≈≈≈≈≈#
#≈≈≈≈≈≈# #l≈≈≈≈≈#
#≈≈≈≈≈≈# #lFl≈≈≈#
#≈≈≈≈≈≈# #####@F≈≈≈≈#
##.≈...# #..##SS≈.≈##
#......###..##......#
##......##†##......##
#.......#.........#
##...............##
####.........####
####...#### #####


You could see 2 bullfrogs, 2 ball pythons and 3 frilled lizards.

Vanquished Creatures
  A scorpion (D:3)
  A worker ant (D:3)
  6 adders
  4 river rats
  A worm (D:3)
  2 dart slugs (D:1)
  3 leopard geckos
  An orc (D:3)
  2 giant cockroaches
  12 goblins
  3 hobgoblins
  3 jackals (D:2)
  A quokka (D:2)
  12 ball pythons
  7 bats
  6 frilled lizards
  5 kobolds
  32 rats
102 creatures vanquished.

Notes
Turn   | Place    | Note
-------+----------+-------------------------------------------
     0 | D:1      | Colgate the Gargoyle Earth Elementalist began the quest for
                  | the Orb.
     0 | D:1      | Reached XP level 1. HP: 10/10 MP: 3/3
   161 | D:1      | Reached skill level 4 in Earth Magic
   272 | D:1      | Reached XP level 2. HP: 10/15 MP: 3/5
   827 | D:1      | Reached XP level 3. HP: 19/19 MP: 6/6
   862 | D:1      | Reached skill level 5 in Earth Magic
  1792 | D:2      | Reached XP level 4. HP: 24/24 MP: 7/7
  2290 | D:3      | Reached skill level 6 in Earth Magic
  2476 | D:3      | Reached skill level 7 in Earth Magic
  2476 | D:3      | Reached XP level 5. HP: 28/28 MP: 5/8
  2624 | D:3      | Found a glowing drain.
  2648 | Sewer    | Entered a sewer
  3123 | Sewer    | Reached XP level 6. HP: 32/32 MP: 9/9
  3208 | Sewer    | Reached skill level 8 in Earth Magic
  3342 | Sewer    | Slain by a bullfrog

Illustrated notes

Levels and vault maps discovered:
D:1:      erik_arrival_cave_to_civilisation [erik_arrival_cave_to_hall],
          layout_loops_ring
D:2:      layout_loops_corners
D:3:      layout_basic, cheibrodos_sewer_entry_sluice,
          chequers_serial_rivers_marsh
Sewer:    sewer_minmay_w

Skill      XL: |  1  2  3  4  5  6 |
---------------+-------------------+-----
Earth Magic    | 4 5 7 8 |  8.1
Dodging        | |  1.5
Stealth        | |  2.1
Spellcasting   | |  2.0
Transmutations | |  0.7

Action                   |  1- 3 |  4- 6 || total
-------------------------+-------+-------++-------
Melee: Unarmed           |     5 |       ||     5
       Dagger            |    35 |       ||    35
       Mace              |    78 |    43 ||   121
       Spear             |       |    15 ||    15
       Flail             |       |   119 ||   119
 Fire: Hunting sling     |       |    29 ||    29
Throw: Dart              |     5 |    11 ||    16
 Cast: Sandblast         |    15 |    34 ||    49
  Use: Scroll            |       |     7 ||     7
 Stab: Sleeping          |     7 |     1 ||     8
  Eat: Chunk             |     3 |     6 ||     9
Armor: Robe              |    53 |   125 ||   178
Dodge: Dodged            |    96 |   214 ||   310
